AoeStats
← Chris Becker

Black Forest

509130710Analyzed
4v4 RM · 7d ago on Sep 25, 2026· 37m 55s· 8 players
Game mode
Random Map
Map size
Large (8 player)
Population
200
Speed
Normal
Resources
Standard
Victory
Conquest
Starting age
Dark Age
Ending age
Imperial Age
RankedLock teamsTeams togetherTeam positionsShared explorationLock speedFull tech treeHidden civsTurbo modeCheats
Victory
Defeat
🇨🇿 Maya · Czechia
1754
+8
🇨🇿 Danes · Czechia
1720
+9
🇮🇳 Bohemians · India
1680
+11
🇩🇪 Italians · Germany
1506
+18
🇨🇳 Armenians · China
1651
-15
🇨🇳 Vikings · China
1601
-13
🇨🇳 Britons · China
1560
-11
1424
-7
yesila
0:49 Loom
9:59 Feudal Age
10:15 Man-at-Arms
11:07 Double-Bit Axe
18:45 Fletching
21:31 Castle Age
19:42 Padded Archer Armor
21:35 Crossbowman
22:13 Bodkin Arrow
22:52 Bow Saw
22:33 Horse Collar
25:04 Gold Mining
26:10 Fishing Lines
27:54 Gillnets
28:29 Stone Mining
31:44 Imperial Age
31:05 Gold Shaft Mining
35:01 Conscription
34:16 Long Swordsman
34:56 Squires
35:31 Heavy Plow
36:56 Two-Man Saw
37:41 Squires
old f1sh
0:58 Loom
9:46 Feudal Age
9:59 Man-at-Arms
12:58 Double-Bit Axe
19:50 Castle Age
19:00 Horse Collar
19:16 Gold Mining
19:58 Town Watch
21:00 Bow Saw
22:57 Heavy Plow
24:02 Wheelbarrow
28:56 Hand Cart
28:15 Pikeman
28:55 Squires
28:56 Scale Mail Armor
29:06 Forging
33:14 Imperial Age
30:25 Halberdier
30:50 Long Swordsman
31:15 Gambesons
31:46 Chain Mail Armor
32:07 Iron Casting
31:40 Two-Handed Swordsman
33:17 Masonry
33:26 Fletching
33:28 Champion
34:56 Plate Mail Armor
34:32 Bodkin Arrow
37:34 Plate Mail Armor
克莱因蓝
11:11 Feudal Age
12:22 Double-Bit Axe
14:49 Castle Age
13:06 Fishing Lines
16:09 Bow Saw
17:13 Horse Collar
18:08 Gillnets
18:37 Loom
24:38 Wheelbarrow
24:30 Gold Mining
28:49 Imperial Age
26:12 Fletching
26:52 Padded Archer Armor
27:16 Bodkin Arrow
27:57 Gold Shaft Mining
27:13 Stone Mining
28:02 Treadmill Crane
28:42 Padded Archer Armor
29:03 Ballistics
30:56 Chemistry
29:57 Bracer
30:04 Bracer
30:16 Guilds
30:48 Leather Archer Armor
30:25 Onager
31:28 Conscription
32:10 Elite Longbowman
34:22 Yeomen
35:09 Ring Archer Armor
34:47 Siege Engineers
37:00 Murder Holes
V我50%匡扶汉室
4:03 Loom
9:32 Double-Bit Axe
12:25 Feudal Age
11:03 Fishing Lines
13:17 Gillnets
18:34 Gold Mining
19:26 Bow Saw
24:23 Castle Age
26:27 Gold Shaft Mining
28:43 Imperial Age
27:21 Two-Man Saw
29:18 Stone Mining
30:32 Chemistry
29:48 Padded Archer Armor
31:07 Stone Shaft Mining
31:18 Wheelbarrow
30:28 Town Watch
31:15 Leather Archer Armor
34:26 Hand Cart
Chris Becker
1:40 Loom
11:12 Feudal Age
13:28 Double-Bit Axe
13:48 Fletching
22:13 Castle Age
20:37 Stone Mining
20:40 Horse Collar
21:50 Gold Mining
22:40 Padded Archer Armor
22:19 Crossbowman
24:03 Wheelbarrow
24:35 Bodkin Arrow
25:36 Fishing Lines
27:19 Bow Saw
33:09 Imperial Age
31:26 Ballistics
31:28 Elite Skirmisher
33:44 Leather Archer Armor
34:55 Chemistry
34:01 Bracer
34:52 Hand Cart
34:55 Thumb Ring
37:16 Ring Archer Armor
Rank
0:27 Loom
9:59 Feudal Age
13:00 Double-Bit Axe
15:13 Horse Collar
16:13 Wheelbarrow
16:11 Stone Mining
19:26 Castle Age
17:49 Stone Mining
20:40 Bow Saw
22:41 Gold Mining
23:08 Fletching
24:10 Bodkin Arrow
30:05 Imperial Age
28:34 Scale Mail Armor
27:56 Eagle Warrior
28:37 Squires
30:10 Chain Mail Armor
31:23 Plate Mail Armor
31:04 Forging
31:19 Conscription
31:31 Elite Eagle Warrior
34:00 Iron Casting
36:38 Holcans
38:33 Blast Furnace
deswermobil
10:51 Feudal Age
14:27 Castle Age
12:29 Double-Bit Axe
19:24 Fishing Lines
19:31 Loom
20:55 Horse Collar
21:49 Gillnets
23:54 Wheelbarrow
27:17 Imperial Age
24:44 Gold Mining
25:13 Heavy Plow
25:17 Scale Mail Armor
25:10 Town Watch
25:20 Stone Mining
26:01 Forging
26:34 Gold Shaft Mining
26:26 Chain Mail Armor
26:26 Bow Saw
26:19 Pikeman
26:59 Squires
26:44 Arson
28:12 Siege Engineers
27:28 Onager
27:36 Halberdier
28:55 Plate Mail Armor
30:00 Chemistry
30:01 Conscription
30:18 Iron Casting
29:50 Siege Onager
30:58 Hamask
31:00 Northmen's Fury
32:57 Iron Casting
34:48 Blast Furnace
33:41 Fletching
34:21 Hand Cart
34:07 Town Patrol
34:17 Guard Tower
34:13 Arrowslits
36:17 Bodkin Arrow
36:59 Keep
37:11 Bracer
38:46 Ballistics
kerwin
11:30 Feudal Age
15:09 Castle Age
13:44 Double-Bit Axe
14:31 Loom
14:33 Fishing Lines
16:05 Bow Saw
24:34 Wheelbarrow
23:45 Town Watch
26:53 Horse Collar
31:30 Imperial Age
31:04 Chemistry
30:25 Ballistics
30:24 Hand Cart
30:54 Gillnets
31:06 Heavy Plow
32:28 Siege Engineers
33:02 Conscription
34:28 Houfnice
35:03 Elite Hussite Wagon
36:28 Wagenburg Tactics
37:38 Padded Archer Armor
37:29 Fletching
37:56 Masonry
37:42 Murder Holes
37:30 Elite Skirmisher
Connection lost

Rejoining the realm…

Still unreachable

The connection could not be restored.

Session expired

The server has moved on; the page needs a fresh start.